 Dungeon Crawl Stone Soup version 0.16.1 (webtiles) character file.

111924 Helmschank the Spry (level 16, -7/167 (174) HPs)
             Began as a Grey Draconian Transmuter on Mar 23, 2015.
             Was the Champion of Fedhas.
             Mangled by a demonic crawler (11 damage)
             ... on level 4 of the Lair of Beasts.
             The game lasted 05:23:47 (38438 turns).

Helmschank the Spry (Grey Draconian Transmuter)    Turns: 38438, Time: 05:23:48

HP:   -7/167 (174)  AC: 16    Str: 22    XL:     16   Next: 10%
MP:   19/28         EV: 15    Int: 18    God:    Fedhas [******]
Gold: 849           SH:  0    Dex: 13    Spells: 8 memorised, 1 level left

rFire  . . .     SeeInvis +       - Unarmed
rCold  . . .     Clarity  .     (armour unavailable)
rNeg   . . .     SustAb   .     (shield currently unavailable)
rPois  +         Gourm    +     (helmet currently unavailable)
rElec  .         Spirit   .     K - melded +2 cloak {MR+}
rCorr  .         Warding  .     o - melded +0 pair of gloves of the Known World {Contam Regen+ Str+4 Int+2}
rMut   .         Stasis   .     b - melded +2 pair of boots
MR     +....                    C - amulet of the gourmand
Stlth  +.........               U - ring of Robustness {AC+8}
                                J - ring of see invisible

@: lethally poisoned (-7 -> -22), hydra-form, very slightly contaminated, repel
missiles, somewhat resistant to hostile enchantments, very unstealthy
A: walk through water, unfitting armour, (unbreathing), (cold-blooded), AC +14
a: End Transformation, Evolution, Sunlight, Growth, Reproduction, Rain, Renounce
Religion


You were on level 4 of the Lair of Beasts.
You worshipped Fedhas.
Fedhas was exalted by your worship.
You were completely stuffed.
You were a 6-headed hydra.
You visited 5 branches of the dungeon, and saw 29 of its levels.
You visited 1 bazaar.
You also visited: Labyrinth and Bailey.

You collected 3643 gold pieces.
You spent 2794 gold pieces at shops.

Inventory:

Hand weapons
 e - a +4 blowgun
Missiles
 l - 44 poisoned needles
 q - 24 arrows of dispersal
 R - 6 javelins of returning (quivered)
 W - 27 poisoned arrows
 X - 4 curare-tipped needles
 Z - 31 arrows
Armour
 b - a +2 pair of boots (melded)
 o - the +0 pair of gloves of the Known World (melded) {Contam Regen+ Str+4 Int+2}
   (You found it on level 4 of the Dungeon)

   It affects your strength (+4).
   It affects your intelligence (+2).
   It causes magical contamination when unequipped.
   It increases your rate of regeneration.
 K - a +2 cloak of magic resistance (melded)
Jewellery
 j - an uncursed ring of sustain abilities
 k - an uncursed ring of wizardry
 p - an uncursed ring of flight
 s - an uncursed ring of invisibility
 C - an amulet of the gourmand (around neck)
 D - an uncursed ring of protection from cold
 J - a ring of see invisible (left foreclaw)
 N - an uncursed amulet of clarity
 O - an uncursed amulet of resist corrosion
 U - the ring of Robustness (right foreclaw) {AC+8}
   (You found it on level 13 of the Dungeon)

   [ring of protection]

   It affects your AC (+8).
Magical devices
 t - a wand of disintegration (9)
 Q - a wand of cold (0)
 T - a wand of polymorph (12)
Scrolls
 h - 5 scrolls of recharging
 i - 6 scrolls of teleportation
 n - 9 scrolls of remove curse
 x - 2 scrolls of silence
 y - a scroll of enchant weapon
 z - 5 scrolls of enchant armour
 B - 14 scrolls of identify
 E - 3 scrolls of magic mapping
 F - 2 scrolls of blinking
 G - 3 scrolls of fog
 I - 2 scrolls of fear
Potions
 d - 4 potions of heal wounds
 f - 3 potions of cancellation
 g - 4 potions of might
 m - 14 potions of curing
 u - 3 potions of haste
 v - 2 potions of flight
 A - 3 potions of restore abilities
 H - a potion of berserk rage
 L - 3 potions of resistance
 M - a potion of magic
 S - 3 potions of agility
 Y - a potion of invisibility
Comestibles
 a - 10 bread rations
 P - 9 meat rations
 V - 24 fruits {!e !D Oklob Food}


   Skills:
 - Level 10.0 Fighting
 - Level 15.3 Dodging
 * Level 14.5 Unarmed Combat
 - Level 5.7 Spellcasting
 - Level 4.5 Charms
 - Level 13.0 Transmutations
 - Level 3.9 Ice Magic
 - Level 2.1 Poison Magic
 - Level 6.1 Invocations


You had one spell level left.
You knew the following spells:

 Your Spells              Type           Power        Failure   Level  Hunger
a - Spider Form           Trmt/Pois      ####......   1%          3    ##.....
d - Blade Hands           Trmt           ######....   1%          5    #####..
h - Hydra Form            Trmt           ######....   10%         6    #######
r - Repel Missiles        Chrm/Air       ##....       10%         2    None
s - Ice Form              Ice/Trmt       #####...     4%          4    ####...
w - Sticks to Snakes      Trmt           ######....   1%          2    None
z - Beastly Appendage     Trmt           ######       1%          1    None
Q - Swiftness             Chrm/Air       ##......     10%         2    None


Dungeon Overview and Level Annotations

Branches:
Dungeon (15/15)            Temple (1/1) D:4            Lair (8/8) D:11
 Shoals (0/5) Lair:4       Spider (1/5) Lair:4        Slime (0/6) Lair:6
    Orc (4/4) D:9             Elf (0/3) Orc:4        Vaults (0/5) D:14
 Depths (0/5) D:15

Altars:
Ashenzari
Cheibriados
Dithmenos
Elyvilon
Fedhas
Gozag
Kikubaaqudgha
Makhleb
Nemelex Xobeh
Okawaru
Qazlal
Ru
Sif Muna
Trog
Vehumet
Xom
Yredelemnul
Zin
The Shining One
Beogh
Jiyva

Shops:
D:5 *   D:6 }   D:7 [   D:11 [   D:14 [%   Orc:1 }   Orc:2 [   Orc:4 !:}:


Innate Abilities, Weirdness & Mutations

You can walk through water.
((Your dull iron-grey scales are very hard (AC +14).))
Your body does not fit into most forms of armour.
((You can survive without breathing.))
((Your cold-blooded metabolism reacts poorly to cold.))


Message History

The redback poisons you! The wolf spider closely misses you.
The wolf spider closely misses you.
You climb upwards.
Welcome back to the Lair of Beasts!
* * * LOW HITPOINT WARNING * * *
You feel extremely sick.
There is a hole to the Spider Nest, spattered with blood here.
Drink which item? (? for menu, Esc to quit)
You feel better. The trapdoor spider bites you.
* * * LOW HITPOINT WARNING * * *
The demonic crawler hits you!
* * * LOW HITPOINT WARNING * * *
The demonic crawler hits you but does no damage. x2
The redback bites you but does no damage.
The wolf spider closely misses you. The wolf spider completely misses you.
The trapdoor spider bites you!
* * * LOW HITPOINT WARNING * * *
You are lethally poisoned!
The trapdoor spider poisons you! The demonic crawler hits you!
You die...
Fedhas appreciates your contribution to the ecosystem.

#...>.#.#..###.#....+.##..
##....P.....#.......#.....
##........###..#.......#.#
#..........^........#.####
#....^.^.^......#PP..##
#.#+.^.....^^...#...##
##..^^).^.^.^...#+.## #
##.^.^.s.s.^.....## ##
##.^.^sD..^^^#..## #. ###
#.^^^^.s^..^..P.######+
##.###.^..^.^...^....#.##..(
#..........^^....P...#.#.#..
#..........^.^...........P..
##.................#PP##.....
#............##..............
#.........####....#..##......
##........# ##...#.....+..<.


You could see a demonic crawler, a wolf spider, a trapdoor spider and a redback.

Vanquished Creatures
  Kirke (D:15)
  An ettin (D:13)
  A minotaur (Lab)
  A yaktaur captain (D:15)
  An ogre mage (D:15)
  An oklob plant (Lair:8)
  Nessos (D:13)
  15 hydras
  The ghost of Pikkle the Martial Artist, a powerful DgTm (D:11)
  Erica (D:13)
  3 centaur warriors
  The ghost of gw the Basher, an experienced DrFi of Yredelemnul (Bailey)
  2 dancing weapons (D:14)
  2 death yaks (Lair:8)
  2 orc high priests (Orc:3)
  A tengu warrior (D:13)
  Nergalle (D:10)
  A deep elf knight (Bailey)
  2 wizards
  3 orc knights
  3 unseen horrors
  7 hill giants
  8 orc sorcerers
  3 ugly things
  4 manticores
  7 cyclopes
  5 elephants (Lair:7)
  Maurice (D:8)
  A siren (Lair:4)
  Joseph (D:8)
  5 large abominations (D:11)
  A torpor snail (Lair:6)
  6 black mambas
  4 gargoyles
  2 kobold demonologists
  A queen ant (Lair:6)
  20 spiny frogs
  A yaktaur (D:15)
  A fire drake (Lair:4)
  5 komodo dragons
  4 giant leeches
  A merfolk (Lair:4)
  A tengu conjurer (D:15)
  5 trolls
  A harpy skeleton (D:15)
  2 jumping spiders (Lair:4)
  5 ravens
  A snapping turtle (shapeshifter) (D:14)
  A freezing wraith (D:15)
  3 two-headed ogres
  16 blink frogs
  9 slime creatures
  4 deep elf magi
  4 basilisks
  2 trapdoor spiders
  A vampire (D:13)
  A water elemental (D:15)
  3 wyverns
  A spriggan (Lair:7)
  2 shadows
  A human (D:13)
  A centaur simulacrum (D:13)
  8 hippogriffs
  10 hungry ghosts
  2 spriggans (shapeshifter) (D:13)
  18 vampire mosquitoes
  5 deep elf fighters (Bailey)
  2 mottled dragons
  50 yaks
  21 soldier ants
  9 wolves
  2 hogs
  14 porcupines
  7 wargs
  10 water moccasins
  16 ice beasts
  28 orc warriors
  4 sky beasts
  7 small abominations (D:11)
  5 spiders (Lair:4)
  2 black bears
  A phantom (D:6)
  An eye of draining (D:10)
  19 ogres
  An eye of draining (shapeshifter) (D:13)
  6 centaurs
  14 crocodiles
  6 big kobolds
  6 boring beetles
  40 giant frogs
  Blork the orc (D:7)
  A gnoll sergeant (D:6)
  A wyvern skeleton (D:9)
  4 scorpions
  18 killer bees
  6 wights
  5 goliath beetles
  2 electric eels
  7 crimson imps
  3 jellies
  3 gnoll shamans (D:10)
  A quasit (D:12)
  Crazy Yiuf (D:7)
  9 hounds
  26 orc priests
  8 iguanas
  8 lava snakes (D:13)
  3 centaur skeletons
  3 giant frog skeletons
  51 orc wizards
  29 worker ants
  28 sheep
  3 hound skeletons
  2 mummies
  20 gnolls
  37 adders
  52 river rats
  6 giant mites
  2 shadow imps (D:10)
  3 worms
  4 adder skeletons
  5 giant geckos
  202 orcs
  16 bats
  4 bat skeletons
  4 bat zombies (D:3)
  7 giant cockroaches
  35 goblins
  20 hobgoblins
  19 jackals
  12 kobolds
  15 quokkas
  A ball python (D:1)
  4 giant newts
  A jackal skeleton (D:3)
  A jackal zombie (D:3)
  A quokka skeleton (D:6)
  A quokka zombie (D:3)
  10 rats
  A plant (Lair:8)
1217 creatures vanquished.

Vanquished Creatures (collateral kills)
  2 hydras
  2 death yaks (Lair:8)
  2 hill giants
  An elephant (Lair:7)
  A black mamba (Lair:8)
  A spiny frog (Lair:8)
  A komodo dragon (Lair:8)
  2 merfolk (Lair:4)
  A troll (D:12)
  3 giant leeches (Lair:8)
  7 blink frogs
  2 slime creatures (D:12)
  3 yaks
  A vampire mosquito (D:14)
  2 wargs
  2 water moccasins (Lair:8)
  2 orc warriors
  A porcupine (Lair:7)
  An ogre (Orc:2)
  3 giant frogs
  3 crocodiles
  A killer bee (D:13)
  3 electric eels
  An orc wizard (Orc:4)
  2 adders
  2 river rats (Lair:7)
  7 orcs
  A quokka (Lair:6)
  2 giant spores (Lair:8)
  A butterfly (Lair:3)
63 creatures vanquished.

Vanquished Creatures (others)
  2 wolf spider zombies
  3 oklob plants
  A hippogriff (D:14)
  A giant spore (D:14)
  14 wandering mushrooms
  24 fungi
  11 plants
  759 toadstools
815 creatures vanquished.

Grand Total: 2095 creatures vanquished

Notes
Turn   | Place    | Note
--------------------------------------------------------------
     0 | D:1      | Helmschank, the Draconian Transmuter, began the quest for the Orb.
     0 | D:1      | Reached XP level 1. HP: 16/16 MP: 3/3
   141 | D:1      | Found an iron altar of Okawaru.
   224 | D:1      | Reached XP level 2. HP: 23/23 MP: 4/4
   605 | D:1      | Reached skill level 4 in Unarmed Combat
   932 | D:2      | Reached XP level 3. HP: 25/28 MP: 4/6
   937 | D:2      | Learned a level 3 spell: Spider Form
  1142 | D:2      | Reached skill level 1 in Poison Magic
  1383 | D:2      | Reached XP level 4. HP: 21/35 MP: 3/7
  2014 | D:3      | Reached XP level 5. HP: 13/40 MP: 7/9
  3036 | D:4      | Reached XP level 6. HP: 29/47 MP: 7/10
  3323 | D:4      | Got a pair of blackened gloves
  3329 | D:4      | Identified the +0 pair of gloves of the Known World {Contam Regen+ Str+4 Int+2} (You found it on level 4 of the Dungeon)
  3355 | D:4      | Reached skill level 5 in Transmutations
  3432 | D:4      | Found a staircase to the Ecumenical Temple.
  3447 | Temple   | Entered the Ecumenical Temple
  3474 | Temple   | Became a worshipper of Fedhas Madash
  3834 | D:4      | Found a white marble altar of Elyvilon.
  3863 | D:5      | Entered Level 5 of the Dungeon
  3992 | D:5      | Reached skill level 6 in Transmutations
  4117 | D:5      | Your scales start taking on a dull iron-grey colour.
  4117 | D:5      | Gained mutation: You can survive without breathing. [draconian maturity]
  4117 | D:5      | Reached XP level 7. HP: 28/52 MP: 12/12
  4258 | D:5      | Found a stormy altar of Qazlal.
  4336 | D:5      | Found an ancient bone altar of Kikubaaqudgha.
  4337 | D:5      | Found a bloodstained altar of Trog.
  4339 | D:5      | Found a deep blue altar of Sif Muna.
  4386 | D:5      | Reached skill level 7 in Transmutations
  4447 | D:5      | Learned a level 4 spell: Ice Form
  4450 | D:5      | Learned a level 2 spell: Sticks to Snakes
  4498 | D:5      | Reached skill level 5 in Unarmed Combat
  4839 | D:5      | Found Raef's Assorted Antiques.
  4852 | D:5      | Acquired Fedhas' first power
  4855 | D:5      | Bought a scroll labeled NAREF ZAMNEBRA for 25 gold pieces
  4855 | D:5      | Bought an amethyst potion for 22 gold pieces
  4855 | D:5      | Bought a golden potion for 22 gold pieces
  4855 | D:5      | Bought a scroll of identify for 50 gold pieces
  4855 | D:5      | Bought a scroll labeled UZEKIC UDEI for 25 gold pieces
  5131 | D:6      | Found Isiunaus' Gadget Emporium.
  5238 | D:6      | Reached XP level 8. HP: 41/59 MP: 13/13
  5495 | D:6      | Found a snail-covered altar of Cheibriados.
  5529 | D:6      | Found a sparkling altar of Nemelex Xobeh.
  5891 | D:6      | Reached skill level 8 in Unarmed Combat
  6480 | D:7      | Reached skill level 9 in Unarmed Combat
  6912 | D:7      | Found Uhistir's Armour Boutique.
  6964 | D:7      | Bought a +0 pair of boots for 58 gold pieces
  6986 | D:7      | Reached XP level 9. HP: 37/64 MP: 10/14
  7146 | D:7      | Noticed Blork the orc
  7156 | D:7      | Killed Blork the orc
  7156 | D:7      | Reached skill level 10 in Unarmed Combat
  7226 | D:7      | Noticed Crazy Yiuf
  7231 | D:7      | Killed Crazy Yiuf
  7627 | D:8      | Noticed Maurice
  7647 | D:8      | Reached skill level 1 in Ice Magic
  7673 | D:8      | Killed Maurice
  8061 | D:8      | Acquired Fedhas' second power
  8263 | D:8      | Noticed Joseph
  8281 | D:8      | Killed Joseph
  9316 | D:9      | Noticed a four-headed hydra
  9328 | D:9      | Killed a four-headed hydra
  9328 | D:9      | Reached XP level 10. HP: 38/71 MP: 14/20
  9451 | D:9      | Reached skill level 10 in Transmutations
  9472 | D:9      | Learned a level 5 spell: Blade Hands
  9820 | D:9      | Found a staircase to the Orcish Mines.
  9903 | D:9      | Noticed a two-headed hydra
  9929 | D:9      | Killed a two-headed hydra
  9965 | D:9      | Got a translucent halberd
 10121 | D:9      | Noticed a wizard
 10140 | D:9      | Killed a wizard
 10140 | D:9      | Reached skill level 5 in Dodging
 10377 | D:9      | Found a stormy altar of Qazlal.
 10513 | D:9      | Found a burning altar of Makhleb.
 10709 | D:9      | Reached XP level 11. HP: 78/85 MP: 20/22
 10871 | D:10     | Entered Level 10 of the Dungeon
 11099 | D:10     | Reached skill level 5 in Fighting
 11191 | D:10     | Noticed Nergalle
 11208 | D:10     | Killed Nergalle
 11342 | D:10     | Noticed a hill giant
 11353 | D:10     | Killed a hill giant
 11358 | D:10     | Acquired Fedhas' third power
 12627 | D:10     | Acquired Fedhas' fourth power
 12754 | D:11     | Noticed a hill giant
 12765 | D:11     | Killed a hill giant
 13096 | D:11     | Found a staircase to the Lair.
 13350 | D:11     | Noticed a six-headed hydra
 13367 | D:11     | Killed a six-headed hydra
 13426 | D:11     | Found Jeuheapp's Antique Armour Boutique.
 13433 | D:11     | Noticed Pikkle's ghost (powerful DgTm)
 13455 | D:11     | Noticed a wizard
 13477 | D:10     | Killed a wizard
 13605 | D:11     | Killed Pikkle's ghost
 13605 | D:11     | Reached skill level 10 in Dodging
 13605 | D:11     | Reached XP level 12. HP: 54/100 MP: 19/23
 13739 | D:11     | Noticed a large abomination
 13885 | D:11     | Killed a large abomination
 13932 | D:11     | Noticed a large abomination
 13965 | D:11     | Killed a large abomination
 13973 | D:11     | Reached skill level 11 in Dodging
 14010 | D:11     | Identified the Compendium of Obsession
 14067 | D:11     | Bought a runed cloak for 162 gold pieces
 14572 | Lair:1   | Entered Level 1 of the Lair of Beasts
 14598 | Lair:1   | Noticed an eight-headed hydra
 15492 | Lair:1   | Reached skill level 12 in Dodging
 17355 | Lair:3   | Acquired Fedhas' fifth power
 17569 | Lair:3   | Noticed an eight-headed hydra
 17590 | Lair:3   | Killed an eight-headed hydra
 17740 | Lair:3   | Reached skill level 13 in Dodging
 18174 | Lair:3   | Reached XP level 13. HP: 105/105 MP: 19/24
 19296 | Lair:4   | Reached skill level 14 in Dodging
 19535 | Lair:4   | Found a staircase to the Shoals.
 19542 | Lair:4   | HP: 5/105 [merfolk/trident (5)]
 19709 | Lair:4   | Found a hole to the Spider Nest.
 20636 | Lair:5   | Found a snail-covered altar of Cheibriados.
 21680 | Lair:6   | Reached skill level 15 in Dodging
 22141 | Lair:6   | Reached skill level 1 in Invocations
 22472 | Lair:6   | Got a bloodstained flail
 22674 | Lair:6   | Found a viscous altar of Jiyva.
 22674 | Lair:6   | Found a staircase to the Slime Pits.
 22701 | Lair:7   | Learned a level 6 spell: Hydra Form
 22778 | Lair:7   | Found a labyrinth entrance.
 22805 | Lab      | Entered a labyrinth
 23030 | Lab      | Reached skill level 5 in Spellcasting
 23196 | Lab      | Identified the +10 flail "Keop" {crush, rPois rC+ rN+ Str+4 Dex-2} (You found it on level 6 of the Lair of Beasts)
 23434 | Lair:7   | Reached skill level 5 in Invocations
 23740 | Lair:7   | Paralysed by a Zot trap for 3 turns
 23908 | Lair:7   | Reached XP level 14. HP: 108/108 MP: 23/26
 24435 | Lair:8   | Entered Level 8 of the Lair of Beasts
 26004 | Lair:8   | Found a basalt altar of Yredelemnul.
 27339 | Orc:1    | Entered Level 1 of the Orcish Mines
 27452 | Orc:1    | Found Jeejuerr's Quality Used Wands.
 28200 | Orc:2    | Found Puvon's Antique Armour Emporium.
 28782 | Orc:3    | HP: 2/129 [sun demon[an orc high priest] (19)]
 29634 | Orc:4    | Entered Level 4 of the Orcish Mines
 30186 | Orc:4    | Found Haadeb's Book Boutique.
 30202 | Orc:4    | Found Stroim's Gadget Shoppe.
 30385 | Orc:4    | Found a staircase to the Elven Halls.
 30550 | Orc:4    | Found Erphaqilif's Distillery.
 30569 | Orc:4    | Found Ogizxic's Book Boutique.
 30572 | Orc:4    | Paralysed by an orc sorcerer for 2 turns
 30603 | Orc:4    | Found a roughly hewn altar of Beogh.
 30615 | Orc:4    | Paralysed by an orc sorcerer for 2 turns
 30821 | Orc:4    | Bought a book of Air for 385 gold pieces
 30821 | Orc:4    | Bought a book of Minor Magic for 220 gold pieces
 30821 | Orc:4    | Bought a book of Battle for 440 gold pieces
 30830 | Orc:4    | Bought a potion of agility for 52 gold pieces
 30830 | Orc:4    | Bought a potion of curing for 39 gold pieces
 30830 | Orc:4    | Bought a potion of beneficial mutation for 455 gold pieces
 30830 | Orc:4    | Bought a potion of resistance for 130 gold pieces
 30830 | Orc:4    | Bought a potion of cancellation for 104 gold pieces
 30830 | Orc:4    | Bought a potion of curing for 39 gold pieces
 30830 | Orc:4    | Bought a potion of magic for 104 gold pieces
 30840 | Orc:4    | Learned a level 2 spell: Swiftness
 31193 | Lair:1   | Killed an eight-headed hydra
 31209 | Lair:1   | Gained mutation: You evolve. [potion of beneficial mutation]
 31267 | D:12     | Reached skill level 1 in Charms
 31400 | D:12     | Reached XP level 15. HP: 90/116 MP: 21/27
 31972 | D:12     | Found a frozen archway.
 32598 | D:12     | Lost mutation: You evolve. [evolution]
 32736 | D:13     | Found a flagged portal.
 32880 | D:13     | Found a flickering gateway to a bazaar.
 32916 | Bazaar   | Entered a bazaar
 32917 | Bazaar   | Found Gheihe's Food Emporium.
 32925 | Bazaar   | Found Unyaradu's Assorted Antiques.
 32955 | Bazaar   | Found Cles Ar Echa's Antique Weapon Shoppe.
 32962 | Bazaar   | Found Mimp's Armour Shop.
 33004 | Bazaar   | Bought a scroll of identify for 60 gold pieces
 33004 | Bazaar   | Bought a potion of curing for 90 gold pieces
 33004 | Bazaar   | Bought a scroll of fog for 60 gold pieces
 33004 | Bazaar   | Bought a small filigree amulet for 150 gold pieces
 33004 | Bazaar   | Bought a scroll of identify for 60 gold pieces
 33013 | Bazaar   | Bought 4 fruits for 42 gold pieces
 33113 | Bailey   | Entered a bailey
 33173 | Bailey   | Noticed gw's ghost (experienced DrFi)
 33191 | Bailey   | Killed gw's ghost
 34138 | D:13     | Noticed Erica
 34154 | D:13     | Killed Erica
 34464 | D:13     | Noticed Nessos
 34481 | D:13     | Killed Nessos
 35114 | D:14     | Found Oqaikh's Armour Shoppe.
 35836 | D:14     | Found Wuecael's Food Shop.
 35912 | D:14     | Found a shadowy altar of Dithmenos.
 36403 | D:14     | Found a gate to the Vaults.
 36419 | D:15     | Entered Level 15 of the Dungeon
 36613 | D:15     | Reached skill level 10 in Fighting
 36985 | D:15     | Noticed Kirke
 37164 | D:15     | Killed Kirke
 37492 | D:15     | Reached XP level 16. HP: 63/129 MP: 21/28
 37871 | D:15     | Found a staircase to the Depths.
 38270 | Lair:1   | Learned a level 2 spell: Repel Missiles
 38326 | Spider:1 | Entered Level 1 of the Spider Nest
 38438 | Lair:4   | HP: 4/167 [trapdoor spider (11)]
 38438 | Lair:4   | Mangled by a demonic crawler

Action                   |  1- 3 |  4- 6 |  7- 9 | 10-12 | 13-15 | 16-18 || total
-------------------------+-------+-------+-------+-------+-------+-------++-------
Melee: Unarmed           |   154 |   248 |   489 |   890 |  2249 |    57 ||  4087
 Fire: Blowgun           |       |       |    20 |    28 |    55 |       ||   103
Throw: Stone             |     6 |    13 |    11 |     1 |       |       ||    31
       Tomahawk          |     3 |    15 |    10 |     4 |    16 |       ||    48
 Cast: Beastly Appendage |     8 |    27 |    17 |    15 |    26 |     1 ||    94
       Spider Form       |     2 |     5 |    28 |    47 |    43 |       ||   125
       Ice Form          |       |       |     7 |    23 |    55 |     2 ||    87
       Blade Hands       |       |       |       |     8 |    48 |     3 ||    59
       Sticks to Snakes  |       |       |       |     7 |    18 |       ||    25
       Hydra Form        |       |       |       |       |    24 |     1 ||    25
       Repel Missiles    |       |       |       |       |       |     1 ||     1
Invok: Evolution         |       |       |     1 |     2 |    24 |       ||    27
       Reproduction      |       |       |       |       |     1 |       ||     1
 Abil: End Transformatio |       |       |       |     4 |    14 |     1 ||    19
Evoke: Wand              |       |       |       |     1 |     3 |     1 ||     5
       Rod               |       |       |       |       |     1 |       ||     1
  Use: Scroll            |     4 |     6 |    13 |     9 |    16 |       ||    48
       Potion            |       |       |       |     3 |     6 |     1 ||    10
 Stab: Sleeping          |       |       |     1 |     3 |     4 |       ||     8
       Distracted        |       |       |       |     2 |       |       ||     2
       Confused          |       |       |       |     1 |     5 |       ||     6
  Eat: Chunk             |     2 |     8 |    22 |    34 |    85 |     3 ||   154
       Beef jerky        |       |     1 |     1 |     4 |       |       ||     6
       Pizza             |       |       |       |       |     2 |       ||     2
       Meat ration       |       |       |       |       |     1 |       ||     1
